 Dungeon Crawl Stone Soup version 0.31-a0-1009-g454b1f1 (webtiles) character file.

Game seed: 3842577739112718178

3 soul123 the Shield-Bearer (level 1, 0/23 HPs)
             Began as a Gnoll Fighter on Nov 15, 2023.
             Succumbed to a kobold's poison
             ... on level 1 of the Dungeon.
             The game lasted 00:00:25 (102 turns).

soul123 the Shield-Bearer (Gnoll Fighter)            Turns: 102, Time: 00:00:26

Health: 0/23       AC:  7    Str: 15    XL:     1   Next: 50%
Magic:  1/1        EV:  9    Int:  7    God:
Gold:   13         SH:  5    Dex: 11    Spells: 0/0 levels left

rFire   . . .        a - +0 war axe
rCold   . . .        c - +0 buckler
rNeg    . . .        b - +0 scale mail
rPois   .            (no helmet)
rElec   .            (no cloak)
rCorr   .            (no gloves)
SInv    .            (no boots)
Will    .....        (no amulet) Stlth
                     (no ring)
HPRegen 0.23/turn    (no ring)
MPRegen 0.07/turn

%: no passive effects
@: lethally poisoned (0 -> -3)
A: fangs 1, strong nose, distributed training
a: no special abilities


You were on level 1 of the Dungeon.
You visited 1 branch of the dungeon, and saw 1 of its levels.

You collected 13 gold pieces.

Inventory:

Hand Weapons
 a - a +0 war axe (weapon)
Armour
 b - a +0 scale mail (worn)
 c - a +0 buckler (worn)
Potions
 d - a potion of might


   Skills:
 + Level 6.4 Fighting
 + Level 0.0 Short Blades
 + Level 0.0 Long Blades
 + Level 4.4 Axes
 + Level 0.0 Maces & Flails
 + Level 0.0 Polearms
 + Level 0.0 Staves
 + Level 0.0 Ranged Weapons
 + Level 0.0 Throwing
 + Level 6.4 Armour
 + Level 0.0 Dodging
 + Level 0.0 Stealth
 + Level 6.4 Shields
 + Level 0.0 Unarmed Combat
 + Level 0.0 Spellcasting
 + Level 0.0 Conjurations
 + Level 0.0 Hexes
 + Level 0.0 Summonings
 + Level 0.0 Necromancy
 + Level 0.0 Translocations
 + Level 0.0 Transmutations
 + Level 0.0 Fire Magic
 + Level 0.0 Ice Magic
 + Level 0.0 Air Magic
 + Level 0.0 Earth Magic
 + Level 0.0 Poison Magic
 + Level 0.1 Invocations
 + Level 0.0 Evocations
 + Level 0.0 Shapeshifting


You couldn't memorise any spells.
You didn't know any spells.
Your spell library was empty.

Dungeon Overview and Level Annotations

Branches:
Dungeon (1/15)

Altars:


Innate Abilities, Weirdness & Mutations

You have very sharp teeth.
Your uncanny sense of smell can sniff out nearby items.
Your experience applies equally to all skills.


Message History

No target in view!
HP restored.
Found a stone staircase leading down.
You see here a rat corpse.
You see here a quokka corpse.
You now have 13 gold pieces.
You enter the shallow water.
Moving in this stuff is going to be slow.
A hobgoblin comes into view.
A kobold comes into view. It is wielding a +1 dagger of venom.
The kobold shouts!
A goblin comes into view. It is wielding a +0 club.
The goblin shouts!
A dart slug comes into view.
The hobgoblin barely misses you.
You slash the hobgoblin!
You kill the hobgoblin!
The kobold throws a stone.
The stone hits you but does no damage. The kobold hits you but does no damage.
You are poisoned.
You hit the goblin. Your bite misses the goblin.
The goblin is heavily wounded.
You hit the kobold but do no damage.
You feel very sick. The kobold closely misses you.
The goblin hits you with a +0 club. The kobold hits you but does no damage.
You are more poisoned.
You feel very sick. The goblin attacks as it pursues you!
The goblin closely misses you.
You feel very sick. The goblin attacks as it pursues you!
You block the goblin's attack.
You feel sick.
You feel sick. The kobold attacks as it pursues you!
The kobold hits you with a +1 dagger of venom.
* * * LOW HITPOINT WARNING * * *
* * * LOW HITPOINT WARNING * * *
You feel sick.
* * * LOW HITPOINT WARNING * * *
You feel sick.
You die...

......... ∆ ...........
#######~....~~P~......
#≈≈≈≈≈≈≈≈≈≈≈~~P..~~~.~
≈≈≈≈≈≈≈≈≈≈≈≈≈≈~≈P~~~≈
#≈≈≈≈≈~~≈≈≈≈≈≈≈≈~~~
####...~~~~PP~~≈.~~~ .###
#..~~..~~..~....~~.~
....#####....@.gK..w.......~
.............##..........#
#...........####........#
#...........# #........#
#...........# #........#
####...........# ##########
.......>.......#
...............#
........########


You could see a dart slug, a goblin and a kobold.

Vanquished Creatures
  A hobgoblin (D:1)
  A quokka (D:1)
  A rat (D:1)
3 creatures vanquished.

Notes
Turn   | Place    | Note
-------+----------+-------------------------------------------
     0 | D:1      | soul123 the Gnoll Fighter began the quest for the Orb.
     0 | D:1      | Reached XP level 1. HP: 23/23 MP: 1/1
   101 | D:1      | HP: 1/23 [poisoned by a kobold]
   102 | D:1      | Succumbed to a kobold's poison

Illustrated notes

Levels and vault maps discovered:
D:1:      amcnicky_arrival_double_pillar, layout_basic, serial_shops, shop,
          chequers_big_river

Action                     || total
---------------------------++-------
  Melee: War axe           ||     5
 Armour: Scale mail        ||     6
  Dodge: Dodged            ||     4
  Block: Buckler           ||     2

Table legend: (Time is in decaauts)
 A = Elapsed time spent in this place.
 B = Non-inter-level travel time spent in this place.
 C = Inter-level travel time spent in this place.
 D = Time resting spent in this place.
 E = Time spent auto-exploring this place.
 F = Levels seen in this place.
 G = Mean time per level.
                   A        B        C        D        E       F      G
               +--------+--------+--------+--------+--------+-----+--------+
         Total |    105 |    105 |      0 |      0 |     81 |   1 |  105.0 |
       Dungeon |    105 |    105 |      0 |      0 |     81 |   1 |  105.0 |
               +--------+--------+--------+--------+--------+-----+--------+

Top non-repeatable levels by time:
     D:1: 105 daAuts
